 Dungeon Crawl Stone Soup version 0.30-a0-986-g7f2e898f52 (webtiles) character file.

Game seed: 14846532572398743166

16120 webweb the Spear-Bearer (level 12, 0/77 HPs)
             Began as a Human Berserker on Apr 1, 2023.
             Was an Elder of Trog.
             Slain by a demonic crawler (1 damage)
             ... on level 2 of the Abyss.
             The game lasted 00:26:39 (9416 turns).

webweb the Spear-Bearer (Human Berserker)           Turns: 9416, Time: 00:26:39

Health: 0/77       AC: 22    Str: 18      XL:     12   Next: 66%
Magic:  0/12       EV:  7    Int:  5 (9)  God:    Trog [****..]
Gold:   491        SH:  0    Dex: 11 (12) Spells: 11/11 levels left

rFire   + . .      SeeInvis .    q - +8 trident "Wyzuated" {freeze, Fly rElec rF+}
rCold   x . .      Faith    .    (no shield)
rNeg    . . .      Spirit   +    l - +4 plate armour
rPois   .          Reflect  .    (no helmet)
rElec   +          Rampage  .    g - scarf {shadows}
rCorr   .          NoCast   +    h - +3 Mad Mage's Maulers {Infuse+∞ VampMP -Cast}
Will    .....                    (no boots) Stlth
                                 v - amulet of guardian spirit
HPRegen 0.32/turn                e - ring of protection from cold
MPRegen 0.13/turn                r - +4 ring of slaying

@: about to teleport, flying, unable to drink
A: [deterioration 2], [frail 2], [screaming 2], [weak 2], [no potion heal 2],
[cold vulnerability 2], [inability to drink after injury 2]
a: Renounce Religion, Berserk, Trog's Hand, Brothers in Arms


You were on level 2 of the Abyss.
You worshipped Trog.
Trog was greatly pleased with you.
You visited 1 branch of the dungeon, and saw 9 of its levels.
You visited the Abyss 1 time.

You collected 1291 gold pieces.
You spent 800 gold pieces at shops.

Inventory:

Hand Weapons
 o - a +3 spear of venom
 q - the +8 trident "Wyzuated" (weapon) {freeze, Fly rElec rF+}
   (You found it on level 3 of the Dungeon)

   rF:        It protects you from fire.
   rElec:     It insulates you from electricity.
   Fly:       It grants you flight.
 x - a +0 halberd
Armour
 g - a scarf of shadows (worn)
 h - the +3 Mad Mage's Maulers (worn) {Infuse+∞ VampMP -Cast}
   (You bought it in a shop on level 7 of the Dungeon)

   Infuse+∞: It empowers its wearer's blows with all of their magic.
   VampMP:    Blows struck in melee replenish the wearer's magic.
   -Cast:     It prevents spellcasting.
 l - a +4 plate armour (worn)
Jewellery
 e - a ring of protection from cold (left hand)
 i - a ring of fire
 n - a ring of protection from fire
 r - a +4 ring of slaying (right hand)
 s - an amulet of magic regeneration
 v - an amulet of guardian spirit (around neck)
Wands
 y - a wand of flame (3)
 z - a wand of charming (2)
 H - a wand of digging (4)
Scrolls
 c - a scroll of silence
 m - 5 scrolls of teleportation
 u - a scroll of brand weapon
 D - a scroll of identify
 F - 2 scrolls of enchant weapon
Potions
 a - 2 potions of haste
 b - 3 potions of attraction
 d - 2 potions of cancellation
 f - 2 potions of might
 k - 2 potions of curing
 p - a potion of resistance
 w - 2 potions of berserk rage
 A - 2 potions of flight
 B - a potion of brilliance {unknown}
 C - a potion of heal wounds
 E - a potion of lignification {unknown}
Miscellaneous
 t - a lightning rod (4/4)


   Skills:
 + Level 10.0 Fighting
 + Level 14.6 Polearms
 + Level 9.1 Armour
 + Level 3.5 Dodging
 + Level 3.0 Stealth


You had 11 spell levels left.
You didn't know any spells.
Your spell library was empty.

Dungeon Overview and Level Annotations

Branches:
Dungeon (10/15)              Lair (0/5) D:8
 Temple: D:4-7          Orc: D:9-12

Altars:
Uskayaw
Wu Jian
Yredelemnul

Shops:
D:7 [

Annotations:
D:5 2 runed translucent doors
Abyss:2 2 runed translucent doors


Innate Abilities, Weirdness & Mutations

[Your body often deteriorates upon taking damage.]
[You are very frail. (-20% HP)]
[You frequently scream uncontrollably at your foes.]
[You are very weak. (Str -4)]
[Potions cannot restore your health.]
[You are very vulnerable to cold. (rC--)]
[You sometimes lose the ability to drink potions when taking damage.]


Message History

A starcursed mass comes into view.
A starcursed mass splits.
A demonic crawler comes into view.
The demonic crawler gives a hideous shriek!
A raiju comes into view.
An iron imp comes into view.
The demonic crawler closely misses you. The demonic crawler hits you!
You feel threatened and lose the ability to drink potions!
Your body deteriorates!
You feel clumsy.
The demonic crawler hits you but does no damage.
A raiju comes into view.
The raiju barks!
As you read the scroll of teleportation, it crumbles to dust.
You feel strangely unstable.
You feel the power of the Abyss delaying your translocation!
The demonic crawler closely misses you. The demonic crawler hits you.
The demonic crawler hits you but does no damage.
A starcursed mass splits.
The raiju bites you but does no damage.
The demonic crawler attacks as you move away!
The demonic crawler hits you!
* * * LOW HITPOINT WARNING * * *
The demonic crawler hits you but does no damage.
The demonic crawler hits you!
* * * LOW HITPOINT WARNING * * *
The raiju bursts into living lightning!
The living lightning hits you. You resist.
* * * LOW HITPOINT WARNING * * *
The raiju blinks!
The demonic crawler hits you but does no damage.
The demonic crawler hits you.
* * * LOW HITPOINT WARNING * * *
The demonic crawler hits you.
* * * LOW HITPOINT WARNING * * *
A tentacled starspawn comes into view.
The raiju bites you but does no damage.
A starcursed mass splits.
The raiju attacks as you move away! The raiju bites you but does no damage.
The demonic crawler attacks as you move away!
The demonic crawler hits you!
* * * LOW HITPOINT WARNING * * *
The demonic crawler hits you.
You die...

.. # # .#.# ........# .
.#.#. ..........#.# ##.
. .......X#.#.####...#
......X.......#....#
........#..##....X#
............##.#.####..
#...@h#######.. # ...
#...hs..##.## ... .#
.........#...# #..#..
............X###.### ..
...X....##....X.##
..........#...#...#
.........# .##.#...#
........#..## ..##..
#.....#..#..##5. .


You could see 3 starcursed masses, a tentacled starspawn, a demonic crawler and
2 raiju.

Vanquished Creatures
  An angel (Abyss:2)
  2 ogre magi (D:10)
  A two-headed ogre (D:10)
  Pikel (D:8)
  An orc knight (D:10)
  A deep elf pyromancer (D:10)
  3 ugly things (D:10)
  A manticore (D:10)
  Joseph (D:8)
  An efreet (D:10)
  A freezing wraith (D:9)
  4 trolls
  A hornet (D:10)
  A meliai (D:10)
  4 wyverns
  A vampire (D:10)
  2 wraiths (D:10)
  12 yaks
  A basilisk (D:8)
  3 steam dragons
  A vampire mosquito (D:10)
  3 water moccasins (D:8)
  Duvessa (D:5)
  2 acid dragons (D:10)
  A hornet zombie (D:7)
  2 black bears
  6 orc warriors
  An ice beast (D:8)
  2 ogres (D:4)
  3 centaurs
  A lemure (D:8)
  6 kobold brigands
  2 gnoll sergeants
  3 bullfrogs
  5 scorpions
  A wyvern zombie (D:7)
  Dowan (D:5)
  8 killer bees
  3 howler monkeys (D:8)
  A bullfrog zombie (D:7)
  5 hounds (D:4)
  5 orc priests
  2 gnoll boudas
  Jessica (D:3)
  3 iguanas
  6 orc wizards
  3 killer bee zombies (D:7)
  A howler monkey zombie (D:7)
  25 gnolls
  9 adders
  A shadow imp (D:8)
  A white imp (D:7)
  3 worms
  2 dart slugs
  33 orcs
  5 endoplasms
  4 giant cockroaches
  10 goblins
  7 hobgoblins
  4 jackals (D:2)
  3 quokkas
  8 ball pythons
  11 bats
  4 frilled lizards
  26 kobolds
  5 rats
283 creatures vanquished.

Vanquished Creatures (collateral kills)
  An ogre mage (D:10)
1 creature vanquished.

Vanquished Creatures (others)
  2 fungi (D:8)
  15 plants (D:8)
17 creatures vanquished.

Grand Total: 301 creatures vanquished

Notes
Turn   | Place    | Note
-------+----------+-------------------------------------------
     0 | D:1      | webweb the Human Berserker began the quest for the Orb.
     0 | D:1      | Reached XP level 1. HP: 18/18 MP: 1/1
    84 | D:1      | Reached XP level 2. HP: 24/24 MP: 2/2
   316 | D:1      | Reached ** piety under Trog
   389 | D:1      | Reached XP level 3. HP: 29/29 MP: 3/3
   848 | D:2      | Reached XP level 4. HP: 35/35 MP: 4/4
  1198 | D:2      | Reached skill level 4 in Polearms
  1361 | D:3      | Noticed Jessica
  1377 | D:3      | Killed Jessica
  1378 | D:3      | Reached XP level 5. HP: 29/42 MP: 5/5
  1865 | D:3      | Reached XP level 6. HP: 48/48 MP: 6/6
  2190 | D:3      | Identified the +8 trident "Wyzuated" {freeze, Fly rElec
                  | rF+}
  2667 | D:4      | Reached *** piety under Trog
  2690 | D:4      | Reached skill level 5 in Polearms
  2790 | D:4      | Reached XP level 7. HP: 55/55 MP: 7/7
  2850 | D:4      | Reached skill level 6 in Polearms
  3129 | D:4      | Reached skill level 1 in Stealth
  3319 | D:4      | Reached XP level 8. HP: 51/61 MP: 8/8
  3321 | D:4      | Reached skill level 7 in Polearms
  3628 | D:5      | Entered Level 5 of the Dungeon
  3771 | D:5      | Noticed Duvessa
  3778 | D:5      | Killed Duvessa
  3779 | D:5      | Reached skill level 5 in Fighting
  3780 | D:5      | Noticed Dowan
  3790 | D:5      | Killed Dowan
  3799 | D:5      | Found a large runed translucent door.
  3800 | D:5      | Found a large runed translucent door.
  4018 | D:5      | You are sucked into a shaft and drop 2 floors!
  4026 | D:7      | Reached skill level 8 in Polearms
  4063 | D:7      | Found a hide-covered altar of Uskayaw.
  4200 | D:7      | Reached skill level 5 in Armour
  4200 | D:7      | Reached XP level 9. HP: 45/68 MP: 4/9
  4420 | D:7      | Reached **** piety under Trog
  4433 | D:7      | Reached skill level 9 in Polearms
  4596 | D:7      | Found a basalt altar of Yredelemnul.
  4638 | D:7      | Found Esuhiw's Antique Armour Boutique.
  4915 | D:8      | Reached skill level 10 in Polearms
  4915 | D:8      | Reached XP level 10. HP: 77/77 MP: 10/10
  4956 | D:8      | Noticed Pikel
  4964 | D:8      | Killed Pikel
  4996 | D:8      | Reached skill level 11 in Polearms
  5101 | D:8      | Noticed Joseph
  5134 | D:8      | Killed Joseph
  5323 | D:8      | Reached skill level 12 in Polearms
  5445 | D:8      | Identified the +3 ring mail "Saphetots" {rPois Str-3 Int-5
                  | Dex+7}
  5494 | D:8      | Found a staircase to the Lair.
  5747 | D:9      | Reached ***** piety under Trog
  5968 | D:9      | Reached XP level 11. HP: 86/86 MP: 11/11
  6650 | D:9      | Found an ornate altar of the Wu Jian Council.
  6954 | D:9      | Reached skill level 13 in Polearms
  6969 | D:9      | Identified a scroll of acquirement
  6969 | D:9      | Acquired 723 gold pieces
  7135 | D:7      | Bought the +3 Mad Mage's Maulers {Infuse+∞ VampMP -Cast}
                  | for 800 gold pieces
  7135 | D:7      | Found the +3 Mad Mage's Maulers {Infuse+∞ VampMP -Cast}
  7216 | D:10     | Entered Level 10 of the Dungeon
  7463 | D:10     | Noticed a white ugly thing
  7472 | D:10     | Killed a white ugly thing
  7618 | D:10     | Noticed a cyan ugly thing
  7622 | D:10     | Killed a cyan ugly thing
  7757 | D:10     | Noticed an orc knight
  7761 | D:10     | Killed an orc knight
  7763 | D:10     | Noticed a manticore
  7773 | D:10     | Killed a manticore
  7777 | D:10     | Noticed a deep elf pyromancer
  7781 | D:10     | Noticed an ogre mage
  7784 | D:10     | Killed a deep elf pyromancer
  7788 | D:10     | Killed an ogre mage
  7789 | D:10     | Reached XP level 12. HP: 86/95 MP: 3/12
  7878 | D:10     | Noticed an ogre mage
  7886 | D:10     | Killed an ogre mage
  7887 | D:10     | Reached skill level 14 in Polearms
  8006 | D:10     | Noticed a two-headed ogre
  8019 | D:10     | Killed a two-headed ogre
  8138 | D:10     | Noticed an ogre mage
  8638 | D:10     | Identified the +6 long sword of War {venom, Int+5 Dex+3}
  9197 | D:10     | Killed an ogre mage
  9203 | Abyss:2  | Found a shimmering altar of Xom.
  9203 | Abyss:2  | Found a shimmering altar of Xom.
  9203 | Abyss:2  | Found a shimmering altar of Xom.
  9203 | Abyss:2  | Cast into level 2 of the Abyss (a wizard)
  9211 | Abyss:2  | Noticed a glowing orange brain
  9255 | Abyss:2  | Found a large runed translucent door.
  9255 | Abyss:2  | Found a large runed translucent door.
  9265 | Abyss:2  | Noticed a wretched star
  9335 | Abyss:2  | Noticed an angel
  9350 | Abyss:2  | Killed an angel
  9351 | Abyss:2  | Reached skill level 10 in Fighting
  9403 | Abyss:2  | Noticed a starcursed mass
  9414 | Abyss:2  | Noticed a tentacled starspawn
  9416 | Abyss:2  | HP: 1/77 [demonic crawler (7)]
  9416 | Abyss:2  | Slain by a demonic crawler

Illustrated notes

Levels and vault maps discovered:
D:1:      matt_arrival_refuge, layout_rooms
D:2:      layout_basic
D:3:      layout_basic, dk_noncrumbling_4, uniq_jessica
D:4:      minmay_razor_zed, layout_basic, cheibrodos_gnoll_hut
D:5:      layout_rooms, ebering_ghost_disaster_area, kennysheep_crisscross,
          minmay_joined_circles, uniq_prince_ribbit1, uniq_duvessa
D:7:      layout_rooms, mainiacjoe_overflow_concentric_impassable,
          nicolae_yredelemnul_corpse_copse, serial_shops,
          nicolae_shop_behind_doors
D:8:      layout_loops_ring, minmay_lair_entry_grove, uniq_pikel, uniq_joseph
D:9:      layout_irregular_city, pdpol_wu_jian_five_deadly_venoms,
          nicolae_fountain_basement
D:10:     hangedman_cross_veins, layout_stronghold,
          hangedman_abyss_or_decor_clamps, minmay_statues_item,
          hangedman_corner_corridor
Abyss:2:  base: D:5, bh_abyss_xom_lugonu_altar

Skill      XL: |  1  2  3  4  5  6  7  8  9 10 11 12 |
---------------+-------------------------------------+-----
Polearms       | 4 5 6 8 10 12 13 14 | 14.6
Fighting       | 4 5 6 8 9 10 | 10.0
Armour         | 3 4 5 6 8 9 |  9.1
Stealth        | 1 2 3 |  3.0
Dodging        | 3 |  3.5

Action                     |  1- 3 |  4- 6 |  7- 9 | 10-12 || total
---------------------------+-------+-------+-------+-------++-------
  Melee: Spear             |    90 |   197 |       |       ||   287
         Trident           |       |    21 |   210 |   331 ||   562
         Punch             |       |       |     1 |     2 ||     3
 Invoke: Berserk           |     1 |     1 |     6 |    14 ||    22
         Trog's Hand       |       |     1 |       |     1 ||     2
         Brothers in Arms  |       |       |       |     1 ||     1
    Use: Scroll            |     5 |     6 |    10 |    11 ||    32
         Potion            |       |       |       |     2 ||     2
   Stab: Distracted        |       |       |       |     1 ||     1
 Armour: Animal skin       |     2 |       |       |       ||     2
         Ring mail         |     3 |       |       |       ||     3
         Chain mail        |    24 |    80 |    53 |    51 ||   208
         Plate armour      |       |       |       |    61 ||    61
  Dodge: Dodged            |    26 |    59 |    60 |    78 ||   223

Table legend: (Time is in decaauts)
 A = Elapsed time spent in this place.
 B = Non-inter-level travel time spent in this place.
 C = Inter-level travel time spent in this place.
 D = Time resting spent in this place.
 E = Time spent auto-exploring this place.
 F = Levels seen in this place.
 G = Mean time per level.
                   A        B        C        D        E       F      G
               +--------+--------+--------+--------+--------+-----+--------+
         Total |   9468 |   9096 |    372 |    839 |   6437 |  10 |  946.8 |
       Dungeon |   9225 |   8853 |    372 |    795 |   6437 |   9 | 1025.0 |
         Abyss |    243 |    243 |      0 |     44 |      0 |   1 |  243.0 |
               +--------+--------+--------+--------+--------+-----+--------+

Top non-repeatable levels by time:
    D:10: 1956 daAuts
     D:9: 1269 daAuts
     D:3: 1183 daAuts
     D:4: 1127 daAuts
     D:8: 1066 daAuts
     D:7: 911 daAuts
     D:2: 705 daAuts
     D:1: 611 daAuts
     D:5: 394 daAuts
 Abyss:2: 243 daAuts
